[ AOE2 MATCH · #504565266 ]
UnrankedMalians vs Vietnamese
Player's team · LOSS
[ REPLAY ANALYSIS · EXTRACTED FROM THE RECORDED GAME ]
Feudal
9:25
Castle
22:55
Imperial
—
| APM avg | 70.6 |
| APM peak | 117 |
| eAPM avg | 27.3 |
| Villagers / military | 112 / 62 |
Focus
⚔️ 32.3% · 🌾 67.7%
Archer ×36 · Knight ×15 · Militia ×5 · Monk ×4 · Camel Scout ×2
Feudal
9:41
Castle
23:01
Imperial
—
| APM avg | 51.4 |
| APM peak | 96 |
| eAPM avg | 32.7 |
| Villagers / military | 100 / 96 |
Focus
⚔️ 56.8% · 🌾 43.2%
Fire Lancer ×50 · Skirmisher ×20 · Rattan Archer ×13 · Battering Ram ×7 · Cavalry Archer ×3 · Monk ×1
Match map
Initial resources + every placement click. Lines = walls · curves = elevation contours. ◆ gold · ⬟ stone · ● berries · ✦ relic · ◌ wall gap
Your base· ✓ Closed at 22:55 · 70t walls · 1 gate(s)
LE | Dia franptom's base· Open — opponent sealed themselves in
Smoothed initial terrain · ◌ = detected wall gap · hover for details
Inputs per minute
— uel - - LE | Dia franptom
Build order — uel
First 150 of 282 actions detected
| 0:01 | Create | Villager (Male) |
| 0:01 | Create | Villager (Male) |
| 0:02 | Build | House |
| 0:04 | Build | House |
| 0:16 | Create | Villager (Male) |
| 0:17 | Create | Villager (Male) |
| 1:29 | Create | Villager (Male) |
| 1:56 | Build | Lumber Camp |
| 1:58 | Create | Villager (Male) |
| 2:16 | Create | Villager (Male) |
| 2:40 | Create | Villager (Male) |
| 3:11 | Create | Villager (Male) |
| 3:26 | Build | House |
| 3:27 | Build | House |
| 3:35 | Create | Villager (Male) |
| 3:52 | Create | Villager (Male) |
| 3:52 | Create | Villager (Male) |
| 4:10 | Build | Mill |
| 4:18 | Create | Villager (Male) |
| 4:18 | Create | Villager (Male) |
| 4:41 | Create | Villager (Male) |
| 5:14 | Create | Villager (Male) |
| 5:18 | Create | Villager (Male) |
| 5:29 | Research | Loom |
| 5:32 | Build | Barracks |
| 6:31 | Build | Mining Camp |
| 7:15 | Research | Feudal Age |
| 7:15 | Research | Feudal Age |
| 7:36 | Create | Militia |
| 7:41 | Build | House |
| 8:02 | Create | Militia |
| 8:22 | Create | Militia |
| 9:25 | Age | Feudal Age |
| 9:26 | Research | Man-at-Arms (upgrade) |
| 9:29 | Build | Archery Range |
| 9:48 | Create | Villager (Male) |
| 9:57 | Create | Villager (Male) |
| 10:03 | Build | Farm |
| 10:05 | Build | Farm |
| 10:14 | Create | Archer |
| 10:22 | Create | Villager (Male) |
| 10:23 | Create | Archer |
| 10:24 | Build | House |
| 10:51 | Create | Villager (Male) |
| 10:59 | Build | Palisade Wall |
| 11:01 | Create | Villager (Male) |
| 11:04 | Build | Farm |
| 11:08 | Build | Farm |
| 11:23 | Create | Archer |
| 11:33 | Create | Villager (Male) |
| 11:51 | Build | Blacksmith |
| 11:52 | Build | Palisade Wall |
| 11:54 | Build | Palisade Gate |
| 11:58 | Create | Archer |
| 12:03 | Create | Villager (Male) |
| 12:23 | Create | Villager (Male) |
| 12:26 | Build | Palisade Wall |
| 12:37 | Create | Villager (Male) |
| 12:42 | Build | Farm |
| 13:13 | Create | Villager (Male) |
| 13:15 | Build | Farm |
| 13:30 | Create | Villager (Male) |
| 13:33 | Build | House |
| 13:34 | Build | House |
| 13:38 | Research | Double-Bit Axe |
| 13:41 | Build | House |
| 13:49 | Create | Archer |
| 14:14 | Research | Fletching |
| 14:24 | Create | Archer |
| 14:45 | Create | Villager (Male) |
| 14:45 | Create | Villager (Male) |
| 14:45 | Create | Villager (Male) |
| 14:56 | Build | Farm |
| 15:02 | Create | Archer |
| 15:15 | Create | Villager (Male) |
| 15:18 | Research | Horse Collar |
| 15:18 | Research | Horse Collar |
| 15:24 | Create | Militia |
| 15:38 | Create | Archer |
| 15:39 | Create | Villager (Male) |
| 15:41 | Build | Lumber Camp |
| 15:45 | Create | Militia |
| 16:10 | Create | Villager (Male) |
| 16:22 | Build | Farm |
| 16:22 | Build | Farm |
| 16:22 | Build | Farm |
| 16:23 | Build | Farm |
| 16:41 | Create | Archer |
| 16:57 | Create | Villager (Male) |
| 17:02 | Create | Villager (Male) |
| 17:04 | Build | Farm |
| 17:24 | Build | House |
| 17:29 | Build | Farm |
| 17:30 | Build | Farm |
| 17:32 | Create | Villager (Male) |
| 17:34 | Build | Palisade Wall |
| 17:36 | Build | Palisade Wall |
| 17:40 | Create | Archer |
| 17:45 | Create | Villager (Male) |
| 17:47 | Build | Farm |
| 18:06 | Build | Farm |
| 18:12 | Create | Villager (Male) |
| 18:18 | Create | Archer |
| 18:43 | Create | Archer |
| 18:59 | Create | Villager (Male) |
| 19:00 | Build | Market |
| 19:24 | Create | Archer |
| 19:31 | Create | Villager (Male) |
| 20:15 | Research | Castle Age |
| 20:20 | Create | Archer |
| 20:45 | Research | Scale Barding Armor |
| 20:49 | Build | Palisade Wall |
| 20:57 | Build | Stable |
| 21:08 | Research | Gold Mining |
| 21:08 | Research | Gold Mining |
| 21:16 | Build | Palisade Wall |
| 21:33 | Build | House |
| 21:35 | Build | House |
| 21:36 | Build | House |
| 21:56 | Research | Bloodlines |
| 21:59 | Build | Stable |
| 22:05 | Create | Villager (Male) |
| 22:55 | Age | Castle Age |
| 22:56 | Build | Farm |
| 23:00 | Research | Chain Barding Armor |
| 23:01 | Create | Knight |
| 23:13 | Create | Knight |
| 23:26 | Create | Villager (Male) |
| 23:28 | Build | Farm |
| 23:35 | Create | Villager (Male) |
| 23:37 | Build | Town Center |
| 23:46 | Create | Knight |
| 23:52 | Build | Farm |
| 23:53 | Create | Knight |
| 24:02 | Create | Knight |
| 24:19 | Create | Villager (Male) |
| 24:25 | Build | Farm |
| 24:34 | Create | Knight |
| 24:49 | Create | Knight |
| 24:55 | Create | Knight |
| 25:05 | Create | Knight |
| 25:05 | Create | Knight |
| 25:19 | Build | Town Center |
| 25:19 | Create | Villager (Male) |
| 25:32 | Create | Villager (Male) |
| 25:34 | Create | Villager (Male) |
| 25:36 | Build | Monastery |
| 25:38 | Create | Villager (Male) |
| 25:41 | Build | Farm |
| 26:14 | Research | Crossbowman (upgrade) |
Build order — LE | Dia franptom
First 150 of 325 actions detected
| 0:01 | Create | Villager (Male) |
| 0:01 | Create | Villager (Male) |
| 0:02 | Build | House |
| 0:09 | Build | House |
| 0:33 | Create | Villager (Male) |
| 0:56 | Create | Villager (Male) |
| 0:56 | Create | Villager (Male) |
| 1:19 | Create | Villager (Male) |
| 1:19 | Create | Villager (Male) |
| 1:21 | Build | Lumber Camp |
| 2:01 | Create | Villager (Male) |
| 2:30 | Create | Villager (Male) |
| 2:57 | Create | Villager (Male) |
| 3:19 | Create | Villager (Male) |
| 3:25 | Build | House |
| 3:59 | Create | Villager (Male) |
| 4:21 | Create | Villager (Male) |
| 4:32 | Create | Villager (Male) |
| 4:32 | Create | Villager (Male) |
| 4:33 | Create | Villager (Male) |
| 4:58 | Create | Villager (Male) |
| 5:15 | Build | House |
| 5:24 | Build | Mill |
| 5:28 | Create | Villager (Male) |
| 5:28 | Create | Villager (Male) |
| 5:52 | Create | Villager (Male) |
| 5:52 | Create | Villager (Male) |
| 6:31 | Create | Villager (Male) |
| 6:31 | Create | Villager (Male) |
| 6:53 | Research | Loom |
| 7:31 | Research | Feudal Age |
| 7:41 | Build | Palisade Wall |
| 7:42 | Build | Palisade Wall |
| 8:10 | Build | House |
| 8:11 | Build | Palisade Wall |
| 8:34 | Build | Palisade Wall |
| 9:00 | Create | Villager (Male) |
| 9:21 | Build | House |
| 9:22 | Build | Palisade Wall |
| 9:36 | Build | Barracks |
| 9:41 | Age | Feudal Age |
| 9:53 | Research | Horse Collar |
| 9:54 | Research | Double-Bit Axe |
| 10:08 | Build | Farm |
| 10:09 | Build | Farm |
| 10:10 | Build | Farm |
| 10:14 | Create | Villager (Male) |
| 10:20 | Build | Farm |
| 10:31 | Build | House |
| 10:46 | Create | Villager (Male) |
| 10:49 | Build | House |
| 10:54 | Build | Farm |
| 10:57 | Build | Farm |
| 10:58 | Create | Villager (Male) |
| 11:23 | Create | Villager (Male) |
| 11:27 | Build | Palisade Wall |
| 11:37 | Build | Archery Range |
| 11:42 | Create | Villager (Male) |
| 12:05 | Build | Stone Wall |
| 12:07 | Build | Stone Wall |
| 12:09 | Create | Villager (Male) |
| 12:13 | Create | Skirmisher |
| 12:14 | Create | Skirmisher |
| 12:20 | Build | Farm |
| 12:21 | Build | Farm |
| 12:26 | Create | Skirmisher |
| 12:42 | Build | Farm |
| 12:47 | Create | Skirmisher |
| 12:48 | Create | Villager (Male) |
| 13:06 | Create | Villager (Male) |
| 13:16 | Build | Stone Wall |
| 13:18 | Create | Villager (Male) |
| 13:20 | Build | Farm |
| 13:25 | Create | Skirmisher |
| 13:26 | Create | Villager (Male) |
| 13:33 | Build | Mining Camp |
| 13:56 | Create | Spearman |
| 13:57 | Create | Skirmisher |
| 14:07 | Build | Watch Tower |
| 14:16 | Create | Villager (Male) |
| 14:21 | Build | Market |
| 14:35 | Build | House |
| 14:38 | Build | House |
| 14:39 | Build | Stone Wall |
| 14:49 | Create | Villager (Male) |
| 14:50 | Build | Farm |
| 15:06 | Create | Skirmisher |
| 15:12 | Create | Villager (Male) |
| 15:31 | Create | Villager (Male) |
| 15:38 | Build | Market |
| 15:44 | Build | Mining Camp |
| 15:48 | Build | Stone Wall |
| 16:02 | Create | Villager (Male) |
| 16:04 | Create | Skirmisher |
| 16:09 | Create | Villager (Male) |
| 16:21 | Create | Villager (Male) |
| 16:26 | Build | Blacksmith |
| 16:27 | Build | Stone Wall |
| 16:50 | Create | Villager (Male) |
| 16:52 | Build | Farm |
| 17:01 | Build | Stone Wall |
| 17:05 | Create | Villager (Male) |
| 17:18 | Build | Farm |
| 17:24 | Build | House |
| 17:30 | Create | Villager (Male) |
| 17:42 | Create | Villager (Male) |
| 17:52 | Build | Farm |
| 18:12 | Build | Farm |
| 18:13 | Create | Villager (Male) |
| 18:18 | Build | Stone Wall |
| 18:20 | Build | Stone Wall |
| 18:21 | Build | Stone Wall |
| 18:29 | Build | Stone Wall |
| 18:45 | Research | Padded Archer Armor |
| 18:46 | Create | Skirmisher |
| 18:49 | Build | Farm |
| 18:59 | Create | Skirmisher |
| 19:22 | Research | Fletching |
| 19:23 | Create | Villager (Male) |
| 19:39 | Create | Villager (Male) |
| 19:41 | Build | Farm |
| 19:53 | Create | Skirmisher |
| 20:08 | Research | Castle Age |
| 20:26 | Build | Farm |
| 20:27 | Build | Farm |
| 20:37 | Create | Skirmisher |
| 20:40 | Research | Padded Archer Armor |
| 21:03 | Create | Skirmisher |
| 21:08 | Create | Skirmisher |
| 21:40 | Build | Farm |
| 21:54 | Create | Skirmisher |
| 21:54 | Create | Skirmisher |
| 22:00 | Build | House |
| 22:11 | Research | Wheelbarrow |
| 22:19 | Build | House |
| 22:56 | Create | Skirmisher |
| 22:56 | Create | Skirmisher |
| 23:01 | Age | Castle Age |
| 23:10 | Research | Elite Skirmisher (upgrade) |
| 23:18 | Create | Skirmisher |
| 23:23 | Create | Villager (Male) |
| 23:39 | Research | Bodkin Arrow |
| 23:39 | Research | Bodkin Arrow |
| 23:41 | Create | Villager (Male) |
| 23:41 | Create | Villager (Male) |
| 23:47 | Create | Villager (Male) |
| 23:54 | Build | Castle |
| 24:01 | Create | Villager (Male) |
| 24:04 | Create | Skirmisher |
| 24:07 | Research | Leather Archer Armor |
Match timeline
| 5:32 | uel · first_building Barracks |
| 7:41 | LE | Dia franptom · wall_segment Palisade Wall x7 |
| 7:42 | LE | Dia franptom · wall_segment Palisade Wall x1 |
| 8:11 | LE | Dia franptom · wall_segment Palisade Wall x1 |
| 8:34 | LE | Dia franptom · wall_segment Palisade Wall x4 |
| 9:22 | LE | Dia franptom · wall_segment Palisade Wall x1 |
| 9:25 | uel · age_up feudal |
| 9:29 | uel · first_building Archery Range |
| 9:36 | LE | Dia franptom · first_building Barracks |
| 9:41 | LE | Dia franptom · age_up feudal |
| 10:59 | uel · wall_segment Palisade Wall x11 |
| 11:27 | LE | Dia franptom · wall_segment Palisade Wall x1 |
| 11:37 | LE | Dia franptom · first_building Archery Range |
| 11:52 | uel · wall_segment Palisade Wall x10 |
| 12:05 | LE | Dia franptom · wall_segment Stone Wall x1 |
| 12:07 | LE | Dia franptom · wall_segment Stone Wall x1 |
| 12:26 | uel · wall_segment Palisade Wall x15 |
| 13:16 | LE | Dia franptom · wall_segment Stone Wall x1 |
| 14:39 | LE | Dia franptom · wall_segment Stone Wall x1 |
| 15:48 | LE | Dia franptom · wall_segment Stone Wall x1 |
| 16:27 | LE | Dia franptom · wall_segment Stone Wall x1 |
| 17:01 | LE | Dia franptom · wall_segment Stone Wall x7 |
| 17:34 | uel · wall_segment Palisade Wall x11 |
| 17:36 | uel · wall_segment Palisade Wall x19 |
| 18:18 | LE | Dia franptom · wall_segment Stone Wall x1 |
| 18:20 | LE | Dia franptom · wall_segment Stone Wall x1 |
| 18:21 | LE | Dia franptom · wall_segment Stone Wall x1 |
| 18:29 | LE | Dia franptom · wall_segment Stone Wall x1 |
| 19:45 | uel · first_market_sell 100 wood |
| 19:46 | uel · first_market_buy 100 food |
| 19:59 | LE | Dia franptom · first_market_buy 100 food |
| 20:49 | uel · wall_segment Palisade Wall x3 |
| 20:57 | uel · first_building Stable |
| 21:16 | uel · wall_segment Palisade Wall x1 |
| 22:55 | uel · age_up castle |
| 23:01 | LE | Dia franptom · age_up castle |
| 23:54 | LE | Dia franptom · first_building Castle |
| 24:40 | LE | Dia franptom · wall_segment Palisade Wall x2 |
| 25:36 | uel · first_building Monastery |
| 26:56 | LE | Dia franptom · first_building Siege Workshop |
| 30:29 | LE | Dia franptom · first_market_sell 100 wood |
| 31:52 | uel · first_building Castle |
| 36:56 | LE | Dia franptom · first_building Monastery |
| 38:31 | uel · resign |
[ AI ANALYSIS · 1 CREDIT ]
What really happened in this match?
Wolo.gg analyzes every decision: build order, eco, micro, common mistakes by bracket. Personalized analysis on WhatsApp or Discord in 30 seconds.
Civ guide
Malians
Perfil
Jugador #9754373